Map: Frozen Temple

Players

ReacH - Winner!

  • Race: Protoss Protoss
  • League: Diamond

ASMR

  • Race: Terran Terran
  • League: Master

VOD

Have the link to the VOD?

Description

Time

  • Played on: July 29, 2016, 1:14 p.m.
  • Length: 9:29
Show
View Real Time Build Order
Export as new Build Order

ReacH Protoss - Winner!

Build Orders: Blink Stalkers 

Get SALT Encoding   

  12  0:01  Probe (Chrono Boost)  
  13  0:11  Probe (Chrono Boost)  
  14  0:17  Pylon  
  14  0:22  Probe (Chrono Boost)  
  15  0:36  Probe (Chrono Boost)  
  15  0:37  Gateway  
  16  0:44  Assimilator  
  16  0:47  Probe (Chrono Boost)  
  17  0:58  Probe (Chrono Boost)  
  18  1:08  Probe (Chrono Boost)  
  19  1:19  Probe (Chrono Boost)  
  19  1:20  Pylon  
  20  1:25  Zealot  
  20  1:31  Probe (Chrono Boost)  
  20  1:32  Cybernetics Core  
  22  1:40  Assimilator  
  22  1:43  Probe (Chrono Boost)  
  24  1:55  Probe (Chrono Boost)  
  26  2:09  Mothership Core (Chrono Boost)  
  26  2:10  Adept  
  28  2:20  Pylon  
  28  2:22  Warp Gate  
  29  2:30  Probe (Chrono Boost)  
  29  2:36  Nexus  
  29  2:46  Probe (Chrono Boost)  
  29  2:48  Stalker  
  33  2:58  Probe (Chrono Boost)  
  33  3:03  Twilight Council  
  33  3:11  Probe (Chrono Boost)  
  34  3:18  Pylon  
  34  3:23  Pylon, Probe (Chrono Boost)  
  36  3:34  Blink  
  36  3:35  Probe (Chrono Boost)  
  36  3:47  Stalker, Probe (Chrono Boost)  
  37  3:52  Probe (Chrono Boost)  
  38  3:59  Probe (Chrono Boost)  
  38  4:02  Probe (Chrono Boost)  
  40  4:12  Robotics Facility  
  40  4:15  Probe (Chrono Boost)  
  41  4:17  Stalker  
  41  4:22  Probe (Chrono Boost)  
  44  4:27  Probe (Chrono Boost)  
  44  4:30  Pylon  
  45  4:33  Mothership Core (Chrono Boost)  
  47  4:38  Gateway  
  47  4:41  Probe (Chrono Boost)  
  48  4:48  Gateway  
  48  4:51  Probe (Chrono Boost)  
  50  4:53  Probe (Chrono Boost)  
  51  5:00  Observer  
  51  5:02  Probe (Chrono Boost)  
  52  5:11  Probe (Chrono Boost)  
  52  5:13  Probe (Chrono Boost)  
  52  5:22  Resonating Glaives  
  52  5:23  Probe (Chrono Boost)  
  52  5:24  Assimilator  
  52  5:27  Probe (Chrono Boost)  
  54  5:31  Pylon  
  54  5:35  Pylon  
  56  5:37  Observer  
  56  5:40  Stalker  
  58  5:44  Probe (Chrono Boost)  
  58  5:46  Probe (Chrono Boost)  
  59  5:53  Stalker x2  
  59  5:56  Probe (Chrono Boost)  
  65  5:57  Probe (Chrono Boost)  
  65  6:00  Warp Prism  
  67  6:08  Nexus  
  67  6:13  Probe (Chrono Boost)  
  67  6:14  Pylon, Probe (Chrono Boost)  
  67  6:15  Stalker  
  71  6:18  Forge  
  71  6:22  Pylon  
  71  6:23  Probe (Chrono Boost)  
  73  6:26  Probe (Chrono Boost)  
  73  6:32  Gateway  
  73  6:33  Gateway  
  73  6:34  Probe (Chrono Boost)  
  73  6:38  Forge  
  73  6:39  Probe (Chrono Boost)  
  75  6:45  Probe (Chrono Boost)  
  76  6:53  Pylon, Sentry x2, Stalker  
  76  6:54  Probe (Chrono Boost)  
  83  6:55  Pylon  
  83  6:58  Probe (Chrono Boost)  
  84  7:06  Probe (Chrono Boost)  
  85  7:11  Protoss Ground Armor Level 1, Protoss Ground Weapons Level 1  
  85  7:16  Probe (Chrono Boost)  
  85  7:19  Stalker x3  
  92  7:29  Immortal  
  96  7:30  Stalker x2  
  100  7:42  Probe (Chrono Boost)  
  101  7:48  Probe (Chrono Boost)  
  102  8:00  Templar Archives  
  102  8:01  Gateway  
  102  8:05  Stalker x3  
  104  8:10  Nexus  
  108  8:17  Adept x2  
  112  8:20  Immortal  
  116  8:27  Gateway  
  116  8:29  Pylon, Gateway  
  116  8:30  Pylon x2, Assimilator  
  116  8:33  Pylon  
  116  8:36  Adept  
  116  8:37  Adept  
  122  8:49  Adept x3, Probe (Chrono Boost)  
  122  8:50  Probe (Chrono Boost)  
  118  9:15  Adept x5  
Show
View Real Time Build Order
Export as new Build Order

ASMR Terran 

Build Orders: Reaper Expand, MMM Bio 

Get SALT Encoding   

  12  0:00  SCV  
  13  0:12  SCV  
  14  0:17  Supply Depot  
  14  0:25  SCV  
  15  0:38  SCV  
  15  0:40  Barracks  
  16  0:44  Refinery  
  16  0:51  SCV  
  17  1:03  SCV  
  18  1:08  Engineering Bay  
  18  1:15  SCV  
  19  1:30  Orbital Command  
  19  1:31  Reaper  
  19  1:57  SCV  
  20  2:01  Command Center  
  20  2:09  SCV  
  20  2:10  Barracks Reactor  
  21  2:19  Supply Depot  
  21  2:22  SCV  
  22  2:34  SCV  
  22  2:46  SCV, Factory, Engineering Bay, Marine x2  
  25  2:52  Barracks  
  26  2:58  SCV  
  26  3:04  Marine x2  
  28  3:13  Orbital Command  
  28  3:22  Marine x2  
  28  3:40  Marine x2  
  27  3:46  Marine  
  27  3:47  Factory Tech Lab  
  28  3:49  Starport  
  28  3:54  SCV  
  29  3:58  Marine x2  
  30  4:04  Marine  
  30  4:07  SCV  
  32  4:10  Missile Turret  
  32  4:11  Cyclone  
  32  4:16  Marine x2  
  37  4:26  SCV  
  37  4:29  Refinery  
  38  4:36  Orbital Command  
  38  4:37  Command Center  
  38  4:39  Marine x2  
  40  4:51  SCV  
  40  4:52  Barracks Tech Lab  
  41  4:57  Starport Reactor  
  41  5:01  Marine x2  
  41  5:03  SCV  
  41  5:04  SCV  
  44  5:15  Factory Tech Lab  
  44  5:16  SCV, Stimpack, Marine  
  46  5:26  SCV  
  46  5:28  SCV, Marine x2  
  48  5:33  Marine  
  51  5:38  SCV  
  51  5:40  SCV  
  53  5:49  Marine x2, Refinery  
  53  5:50  SCV  
  53  5:51  Orbital Command  
  53  5:52  SCV  
  53  5:53  Supply Depot  
  53  5:55  Supply Depot  
  57  6:03  SCV  
  58  6:04  Medivac x2  
  58  6:08  SCV  
  58  6:10  Terran Infantry Weapons Level 1  
  63  6:13  Engineering Bay  
  63  6:15  SCV  
  64  6:28  Barracks  
  64  6:29  Barracks x2  
  64  6:32  SCV x2  
  66  6:35  Marauder  
  66  6:36  Marine x2  
  70  6:44  Orbital Command  
  70  6:51  Terran Infantry Armor Level 1  
  70  7:04  SCV x2  
  70  7:06  Marauder, Refinery, Marine x2  
  70  7:07  Medivac x2  
  80  7:10  Armory  
  80  7:18  Barracks Tech Lab  
  80  7:19  Barracks Reactor  
  80  7:20  Marauder  
  80  7:22  SCV x2  
  80  7:24  Marine x2  
  80  7:25  SCV  
  80  7:26  Combat Shields  
  80  7:28  Marauder  
  85  7:34  SCV  
  85  7:35  SCV  
  83  7:37  SCV  
  83  7:41  Marine  
  75  7:44  Marauder, Marine x2  
  75  7:47  SCV x2  
  75  7:49  SCV, Marauder  
  84  7:51  Supply Depot  
  84  7:52  Supply Depot  
  84  7:58  Marine  
  84  7:59  SCV x2  
  84  8:00  Marine  
  84  8:01  SCV  
  84  8:02  Marine  
  84  8:03  Marine  
  84  8:04  Marine  
  92  8:13  SCV x2, Marauder x2  
  91  8:20  Medivac x2  
  91  8:25  SCV x3  
  98  8:28  Marauder  
  98  8:32  Marine x3  
  98  8:33  Marine  
  104  8:34  Marauder x2  
  104  8:40  Supply Depot  
  108  8:43  Supply Depot  
  108  8:46  Supply Depot  
  108  8:47  Supply Depot  
  108  8:54  Refinery x2  
  108  8:59  Marine x2  
  108  9:00  Marauder x2, Marine x3  
Tags
 
Add a new tag
Caveats
  • Supply blocks, unpowered buildings, or Contaminate may cause inaccurate times.
  • Supply counts are checked every 10 seconds.